 Dungeon Crawl Stone Soup version 0.20.0 (webtiles) character file.

124 Danakh the Covered (level 4, -4/35 HPs)
             Began as a Demonspawn Fighter on May 30, 2017.
             Killed by nerve-wracking pain
             ... invoked by an orc priest
              (9 damage)
             ... on level 3 of the Dungeon.
             The game lasted 00:06:53 (2354 turns).

Danakh the Covered (Demonspawn Fighter)             Turns: 2354, Time: 00:06:54

Health: -4/35      AC:  8    Str: 17    XL:     4   Next: 81%
Magic:  4/4        EV:  7    Int: 10    God:
Gold:   109        SH:  9    Dex: 12    Spells: 3/3 levels left

rFire    . . .     SeeInvis +   a - +0 war axe
rCold    . . .     Gourm    .   c - +0 shield
rNeg     . . .     Faith    .   b - +0 scale mail
rPois    .         Spirit   .   (no helmet)
rElec    .         Reflect  .   (no cloak)
rCorr    .         Harm     .   (no gloves)
MR       .....                  (no boots)
Stlth    ..........             s - amulet of inaccuracy (curse)
Regen    0.2/turn               q - ring of see invisible
MPRegen  0.1/turn               (no ring)

@: no status effects
A: talons 1, molten scales 1
a: no special abilities


You were on level 3 of the Dungeon.
You were very hungry.

You visited 1 branch of the dungeon, and saw 3 of its levels.

You collected 109 gold pieces.

Inventory:

Hand Weapons
 a - a +0 war axe (weapon)
Armour
 b - a +0 scale mail (worn)
 c - a +0 shield (worn)
Jewellery
 q - a ring of see invisible (left hand)
 s - a cursed amulet of inaccuracy (around neck)
Scrolls
 e - a scroll of enchant armour {unknown}
 g - 4 scrolls of identify {unknown}
 j - 2 scrolls of remove curse {unknown}
 k - 2 scrolls of teleportation {unknown}
 n - a scroll of blinking {unknown}
 p - a scroll of recharging {unknown}
 r - a scroll of magic mapping {unknown}
 t - a scroll of noise {unknown}
Potions
 d - 2 potions of might
 h - 2 potions of mutation {unknown}
 i - 3 potions of curing {unknown}
 l - 2 potions of heal wounds {unknown}
 m - a potion of degeneration {unknown}
Comestibles
 f - 3 bread rations
 o - 4 fruits


   Skills:
 + Level 3.5 Fighting
 * Level 3.1 Axes
 + Level 3.6 Armour
 + Level 3.1 Shields


You had 3 spell levels left.
You didn't know any spells.

Dungeon Overview and Level Annotations

Branches:
Dungeon (3/15)

Altars:
Nemelex Xobeh


Innate Abilities, Weirdness & Mutations

You have sharp toenails.
You are partially covered in molten scales. (AC +2)


Message History

You block the orc wizard's attack. You block the orc's attack. x2
The orc wizard hits you with a dagger.
* * * LOW HITPOINT WARNING * * *
The orc priest closely misses you.
The orc wizard hits you but does no damage.
The orc hits you but does no damage. x2
The orc priest calls upon Beogh to heal the orc.
The orc's wounds heal themselves!
You closely miss the orc.
Your shield and scale mail prevent you from hitting the orc wizard.
You slash the orc!
You kill the orc!
You feel yourself speed up.
The orc wizard hits you but does no damage. x2
The orc priest barely misses you.
The orc wizard casts a spell.
The orc wizard blinks!
The orc hits you but does no damage.
The orc priest invokes the aid of Beogh against you.
Pain shoots through your body!
You die...

### ..# ###..## # #.....
#. #.#..# #.# #.##.#.o#
##.## ##....o).# # #...#
#.o...@# # #...#
#.###.ยง###### # #...#
#.###........# #...#
#.#........#..
####>..####.#.##.##.....
............#.##.# .#.#.
.............<...# # ..
............###### .
####...######


You could see an orc priest, an orc wizard and an orc.

Vanquished Creatures
  2 adders (D:2)
  3 oozes
  2 worms (D:2)
  2 dart slugs
  A leopard gecko (D:3)
  3 orcs (D:3)
  7 bats
  3 giant cockroaches
  5 hobgoblins
  11 jackals
  4 ball pythons
  4 frilled lizards
  12 goblins
  12 kobolds
  7 rats
78 creatures vanquished.

Notes
Turn   | Place    | Note
-------+----------+-------------------------------------------
     0 | D:1      | Danakh the Demonspawn Fighter began the quest for the Orb.
     0 | D:1      | Reached XP level 1. HP: 18/18 MP: 1/1
   177 | D:1      | Gained mutation: You are partially covered in molten scales. (AC +2) [demonic ancestry]
   177 | D:1      | Reached XP level 2. HP: 13/24 MP: 2/2
   532 | D:1      | Gained mutation: You have sharp toenails. [demonic ancestry]
   532 | D:1      | Reached XP level 3. HP: 27/29 MP: 3/3
  1249 | D:2      | Reached XP level 4. HP: 29/35 MP: 4/4
  2175 | D:3      | Found a sparkling altar of Nemelex Xobeh.
  2354 | D:3      | Killed from afar by an orc priest

Skill      XL: |  1  2  3  4 |
---------------+-------------+-----
Armour         | 3 |  3.6
Axes           | 2 3 |  3.1
Shields        | 3 |  3.1
Fighting       | |  3.5

Action                   |  1- 3 |  4- 6 || total
-------------------------+-------+-------++-------
Melee: War axe           |   120 |   105 ||   225
       Kick              |    16 |    24 ||    40
  Eat: Chunk             |     1 |     3 ||     4
Armor: Scale mail        |    50 |    65 ||   115
Dodge: Dodged            |    37 |    45 ||    82
Block: Shield            |    72 |    78 ||   150
